 Dungeon Crawl Stone Soup version 0.17.0-25-gefc9c12 (webtiles) character file.

19754 inmateoo the Covert (level 12, -1/74 HPs)
             Began as a Vampire Enchanter on Nov 18, 2015.
             Was a High Priest of Dithmenos.
             Slain by an eight-headed hydra (10 damage)
             ... on level 2 of the Lair of Beasts.
             The game lasted 00:54:09 (15592 turns).

inmateoo the Covert (Vampire Enchanter)            Turns: 15592, Time: 00:54:09

Health: -1/74      AC: 10    Str: 10    XL:     12   Next: 39%
Magic:  30/33      EV: 18    Int: 26    God:    Dithmenos [*****.]
Gold:   399        SH:  0    Dex: 16    Spells: 6 memorised, 12 levels left

rFire  . . .     SeeInvis +     a - +2 dagger (freeze)
rCold  + . .     Clarity  .     P - +2 troll leather armour
rNeg   . . .     SustAt   .     (no shield)
rPois  .         Gourm    .     j - +1 helmet
rElec  .         Spirit   .     w - +0 cloak {rC+}
rCorr  .         Warding  .     H - +0 pair of gloves
rMut   +         Stasis   .     (no boots)
MR     +....                    M - amulet of resist mutation
Stlth  ++++++++++               q - +5 ring of intelligence
                                m - ring "Etweir" {+Blink MP+9 Str+3 SInv}

@: regenerating quickly, wreathed by umbra, studying Ice Magic, repel missiles,
somewhat resistant to hostile enchantments, uncannily stealthy
A: fangs 3, see invisible, unbreathing
a: Shadow Step, Shadow Form, Renounce Religion, Evoke Blink


You were on level 2 of the Lair of Beasts.
You worshipped Dithmenos.
Dithmenos was extremely pleased with you.
You were very full.

You visited 3 branches of the dungeon, and saw 17 of its levels.
You also visited: Bailey and Ice Cave.

You collected 804 gold pieces.
You spent 123 gold pieces at shops.

Inventory:

Hand Weapons
 a - a +2 dagger of freezing (weapon)
 y - a +1 dagger of venom
Armour
 j - a +1 helmet (worn)
 w - a +0 cloak of cold resistance (worn)
 F - the +1 ring mail of Watchfulness {rN+++ MP-9 Str+3}
   (You found it on level 10 of the Dungeon)

   It affects your strength (+3).
   It renders you almost immune to negative energy.
   It affects your magic capacity (-9).
 H - a +0 pair of gloves (worn)
 P - a +2 troll leather armour (worn)
Magical Staves
 J - an uncursed staff of cold
Jewellery
 e - an uncursed amulet of regeneration {unknown}
 m - the ring "Etweir" (left hand) {+Blink MP+9 Str+3 SInv}
   (You found it on level 4 of the Dungeon)

   [ring of strength]

   It affects your strength (+3).
   It affects your magic capacity (+9).
   It lets you see invisible.
   It lets you blink.
 q - a +5 ring of intelligence (right hand)
 I - an uncursed ring of protection from cold
 M - an amulet of resist mutation (around neck)
Wands
 b - a wand of cold (9)
 c - a wand of confusion (37)
 t - a wand of paralysis (7)
 A - a wand of teleportation (3)
Scrolls
 f - 2 scrolls of brand weapon
 g - 3 scrolls of teleportation
 r - a scroll of blinking
 u - 5 scrolls of remove curse
 x - 2 scrolls of recharging
 C - 4 scrolls of enchant weapon
 K - a scroll of identify
 L - a scroll of magic mapping
 Q - a scroll of silence
Potions
 d - 4 potions of heal wounds
 h - a potion of ambrosia
 i - 4 potions of magic
 k - 6 potions of agility
 n - a potion of flight
 o - 5 potions of curing
 s - 2 potions of resistance
 v - 2 potions of lignification {unknown}
 z - a potion of haste
 G - a potion of cure mutation
 O - 2 potions of blood
Books
 B - a manual of Ice Magic
 D - a manual of Ice Magic
Miscellaneous
 N - a plain deck of summoning {drawn: 1}


   Skills:
 + Level 9.9 Short Blades
 + Level 10.2 Dodging
 + Level 14.2 Stealth
 + Level 8.4 Spellcasting
 + Level 13.7 Hexes
 * Level 5.3 Ice Magic


You had 12 spell levels left.
You knew the following spells:

 Your Spells              Type           Power        Failure   Level  Hunger
b - Ensorcelled Hibernat  Hex/Ice        ######       1%          2    None
c - Confuse               Hex            ######..     1%          3    None
d - Dazzling Spray        Conj/Hex       #####...     1%          3    None
e - Tukima's Dance        Hex            ######..     1%          3    None
f - Blink                 Tloc           N/A          12%         2    None
g - Repel Missiles        Chrm/Air       ##....       12%         2    None


Dungeon Overview and Level Annotations

Branches:
Dungeon (14/15)            Temple (1/1) D:5            Lair (2/8) D:11
    Orc (0/4) D:12         Vaults (0/5) D:14

Altars:
Ashenzari
Cheibriados
Dithmenos
Elyvilon
Fedhas
Gozag
Kikubaaqudgha
Makhleb
Nemelex Xobeh
Okawaru
Ru
Sif Muna
Trog
Vehumet
Xom
Yredelemnul
Zin
The Shining One

Shops:
D:6 *

Annotations:
D:6 1 runed door
D:12 exclusion: 2 statues
D:14 Rupert


Innate Abilities, Weirdness & Mutations

Your natural rate of healing is unusually fast.
You have razor-sharp teeth.
You have supernaturally acute eyesight.
You can survive without breathing.


Message History

Mogope hits the eight-headed hydra with a trident of freezing!
Mogope freezes the eight-headed hydra.
The eight-headed hydra seems to slow down.
Unknown command.
Casting: Ensorcelled Hibernation
Confirm with . or Enter, or press ? or * to list all spells.
Aiming: Confuse
Press: ? - help, Shift-Dir - straight line, f - eight-headed hydra
Aim: an eight-headed hydra (moderately wounded, slow, umbra, chance to defeat MR: 48%)
The eight-headed hydra resists with some effort.
The eight-headed hydra bites you!
* * * LOW HITPOINT WARNING * * *
The eight-headed hydra bites you!
* * * LOW HITPOINT WARNING * * *
The eight-headed hydra barely misses you.
The eight-headed hydra bites you.
* * * LOW HITPOINT WARNING * * *
The eight-headed hydra bites you but does no damage. x2
The eight-headed hydra misses you. The eight-headed hydra bites you!
You die...

*,,,,,....P####P.## **,
*****,#..........# **
***,#.##....## *****#.##.P#
##*#.##*###*** ##.#*#P.##,*
#..##.....,* ** #....#,,,,*** *,
##m@#<....,,** ***, ****
#.DP......,,****,,,
**,,***#.........,***,,,,,
**,,,,**P.........,,****,,,
***,,,,**#..........,,****,,, **
**,,,,,,**...).......,,,,,,,,,
,***,,,,,,*,.#.#........,,,,,,,,,
,,**,,,,,,*##..##.......,,,*,,,,,
*,,,,,,,*,*,,,***,,,,,,,,,,***,,,


You could see an eight-headed hydra and the friendly Mogope the merfolk.

Vanquished Creatures
  An orc warlord (Bailey)
  An unseen horror (D:13)
  An orc knight (Bailey)
  2 ugly things
  A necromancer (IceCv)
  Joseph (D:7)
  A black mamba (Lair:1)
  2 gargoyles
  A spiny frog (Lair:2)
  A centaur skeleton (D:13)
  4 trolls
  The ghost of 4thArraOfDagon the Chopper, a novice GrGl (D:7)
  10 freezing wraiths (IceCv)
  2 two-headed ogres
  Grinder (D:4)
  Prince Ribbit (D:7)
  A queen bee (shapeshifter) (D:12)
  2 hungry ghosts
  4 yaks (D:10)
  A deep elf mage (D:13)
  A steam dragon (D:8)
  2 nagas (D:13)
  5 hippogriffs
  A soldier ant (D:12)
  2 water moccasins
  A mottled dragon (D:12)
  6 porcupines
  10 orc warriors
  8 ice beasts
  A sky beast (D:8)
  2 black bears
  4 phantoms
  A wasp (D:12)
  6 ogres
  4 centaurs
  2 big kobolds
  11 giant frogs
  A crocodile (D:12)
  A wyvern skeleton (D:11)
  4 scorpions
  8 killer bees
  An elephant simulacrum (IceCv)
  A swamp dragon simulacrum (IceCv)
  An electric eel (D:8)
  A wight (D:7)
  3 crimson imps
  A giant frog zombie (D:6)
  3 draconian simulacra (IceCv)
  A centaur zombie (D:9)
  5 giant frog skeletons
  6 hounds
  16 orc wizards
  2 quasits
  A gnoll shaman (D:7)
  3 jellies
  6 orc priests
  2 spriggan simulacra (IceCv)
  Terence (D:2)
  7 worker ants
  Natasha (thrice) (D:3)
  4 iguanas
  10 troll simulacra (IceCv)
  4 sheep (Lair:1)
  2 polar bear simulacra (IceCv)
  A hound zombie (D:6)
  2 centaur simulacra
  2 worker ant zombies
  Robin (D:1)
  8 gnolls (D:7)
  2 naga simulacra (IceCv)
  2 ogre simulacra (IceCv)
  3 river rats (Lair:2)
  A shadow imp (D:11)
  17 adders
  24 white imps
  An adder skeleton (D:4)
  2 worms (D:3)
  4 giant geckos
  79 orcs
  3 ball pythons
  7 hobgoblins
  8 jackals
  8 bats
  2 giant cockroaches
  11 giant newts
  17 goblins
  35 kobolds
  5 quokkas
  A quokka skeleton (D:4)
  8 rats
458 creatures vanquished.

Vanquished Creatures (collateral kills)
  2 porcupines
  A crocodile (Lair:1)
  A giant frog (Lair:1)
  A crimson imp (D:13)
  A sheep (Lair:1)
  2 river rats (Lair:2)
  An orc (Bailey)
  A goblin (Bailey)
10 creatures vanquished.

Vanquished Creatures (others)
  A dancing weapon (Bailey)
  A fungus (Lair:2)
2 creatures vanquished.

Grand Total: 470 creatures vanquished

Notes
Turn   | Place    | Note
--------------------------------------------------------------
     0 | D:1      | inmateoo the Vampire Enchanter began the quest for the Orb.
     0 | D:1      | Reached XP level 1. HP: 13/13 MP: 3/3
   173 | D:1      | Reached XP level 2. HP: 17/19 MP: 5/5
   177 | D:1      | Learned a level 2 spell: Ensorcelled Hibernation
   402 | D:1      | Reached skill level 5 in Hexes
   908 | D:2      | Found a glowing golden altar of the Shining One.
   970 | D:2      | Noticed Robin
   987 | D:2      | Reached XP level 3. HP: 24/24 MP: 6/6
  1033 | D:1      | Killed Robin
  1407 | D:2      | Learned a level 3 spell: Confuse
  1426 | D:2      | Reached XP level 4. HP: 25/30 MP: 2/7
  1695 | D:2      | Noticed Terence
  1716 | D:2      | Killed Terence
  1716 | D:2      | Reached skill level 5 in Stealth
  1716 | D:2      | Reached skill level 6 in Hexes
  2243 | D:3      | Reached XP level 5. HP: 35/35 MP: 3/8
  2277 | D:3      | Noticed Natasha
  2282 | D:3      | Killed Natasha
  2324 | D:3      | Noticed Natasha
  2337 | D:3      | Killed Natasha
  2380 | D:3      | Identified a +0 rod of destruction (9/9) (You found it on level 3 of the Dungeon)
  2619 | D:3      | Noticed Natasha
  2636 | D:3      | Killed Natasha
  2800 | D:4      | Reached skill level 7 in Hexes
  2800 | D:4      | Reached XP level 6. HP: 36/41 MP: 7/10
  3118 | D:4      | Noticed a phantom
  3137 | D:4      | Killed a phantom
  3257 | D:4      | Found an ancient bone altar of Kikubaaqudgha.
  3262 | D:4      | Learned a level 3 spell: Dazzling Spray
  3346 | D:4      | Noticed Grinder
  3378 | D:4      | Noticed an ogre
  3389 | D:4      | Killed an ogre
  3389 | D:4      | Reached XP level 7. HP: 46/46 MP: 6/11
  3441 | D:4      | Killed Grinder
  3441 | D:4      | Reached skill level 8 in Hexes
  3554 | D:4      | Found a burning altar of Makhleb.
  3747 | D:4      | Got an iridescent spear {venom}
  3749 | D:4      | Identified the +8 spear of Context {venom, rF+ Dex+6} (You took it off an orc wizard on level 4 of the Dungeon)
  3874 | D:4      | Got a warped marble ring
  4126 | D:5      | Entered Level 5 of the Dungeon
  4275 | D:5      | Identified the ring "Etweir" {+Blink MP+9 Str+3 SInv} (You found it on level 4 of the Dungeon)
  4287 | D:5      | Found a staircase to the Ecumenical Temple.
  4294 | D:5      | Reached skill level 9 in Hexes
  4299 | Temple   | Entered the Ecumenical Temple
  4337 | Temple   | Became a worshipper of Dithmenos the Shadowed
  4523 | D:5      | Reached XP level 8. HP: 52/52 MP: 13/13
  5109 | D:6      | Found a white marble altar of Elyvilon.
  5110 | D:6      | Found an opulent altar of Gozag.
  5161 | D:6      | Learned a level 3 spell: Tukima's Dance
  5179 | D:6      | Reached skill level 5 in Dodging
  5185 | D:6      | Found Taaman Xyro's Assorted Antiques.
  5190 | D:6      | Bought a glowing grey potion for 18 gold pieces
  5190 | D:6      | Bought a scroll of identify for 42 gold pieces
  5190 | D:6      | Bought a scroll labeled MAIN WUXTINUMA for 21 gold pieces
  5190 | D:6      | Bought a scroll labeled SOTZULI PUZIPN for 21 gold pieces
  5190 | D:6      | Bought a scroll labeled YGGOOZUKEM for 21 gold pieces
  5408 | D:6      | Found a runed door.
  5408 | D:6      | Found a glowing silver altar of Zin.
  5408 | D:6      | Noticed an angel
  5885 | D:7      | Noticed 4thArraOfDagon's ghost (novice GrGl)
  5908 | D:7      | Killed 4thArraOfDagon's ghost
  5908 | D:7      | Reached skill level 5 in Short Blades
  6057 | D:7      | Reached skill level 10 in Hexes
  6057 | D:7      | Reached XP level 9. HP: 57/57 MP: 15/16
  6066 | D:7      | Reached * piety under Dithmenos
  6292 | D:7      | Noticed Prince Ribbit
  6299 | D:7      | Killed Prince Ribbit
  6299 | D:7      | Reached skill level 5 in Spellcasting
  6392 | D:7      | Noticed Joseph
  6685 | D:7      | Found a sacrificial altar of Ru.
  6783 | D:7      | Killed Joseph
  6783 | D:7      | Reached skill level 10 in Stealth
  7506 | D:8      | Reached skill level 11 in Hexes
  7506 | D:8      | Reached XP level 10. HP: 63/63 MP: 18/18
  8218 | D:9      | Reached ** piety under Dithmenos
  8229 | D:9      | Noticed a cyan ugly thing
  8242 | D:9      | Killed a cyan ugly thing
  8331 | D:9      | Found a flagged portal.
  8343 | Bailey   | Entered a bailey
  8393 | Bailey   | Noticed an orc warlord
  8666 | Bailey   | Found a runed gate.
  8667 | Bailey   | Found a runed gate.
  8668 | Bailey   | Found a runed gate.
  8675 | Bailey   | Noticed an orc knight
  8702 | Bailey   | Killed an orc knight
  8781 | Bailey   | Killed an orc warlord
  8781 | Bailey   | Reached skill level 12 in Stealth
  8809 | Bailey   | Learned a level 2 spell: Blink
  8812 | Bailey   | Learned a level 2 spell: Repel Missiles
  8899 | D:9      | Gained mutation: You have sharp toenails. [potion of beneficial mutation]
  9286 | D:10     | Entered Level 10 of the Dungeon
  9347 | D:10     | Reached *** piety under Dithmenos
  9381 | D:10     | Reached XP level 11. HP: 68/68 MP: 21/21
  9429 | D:10     | Got a shimmering ring mail
  9440 | D:10     | Identified the +1 ring mail of Watchfulness {rN+++ MP-9 Str+3} (You found it on level 10 of the Dungeon)
 10387 | D:11     | Found a staircase to the Lair.
 11146 | D:12     | Reached **** piety under Dithmenos
 11183 | D:12     | Reached skill level 13 in Stealth
 11187 | D:12     | Found a frozen archway.
 11304 | IceCv    | Entered an ice cave
 11817 | IceCv    | Found an ancient bone altar of Kikubaaqudgha.
 12605 | IceCv    | Noticed a necromancer
 12638 | IceCv    | Killed a necromancer
 12698 | IceCv    | Reached ***** piety under Dithmenos
 13031 | D:12     | Reached skill level 1 in Ice Magic
 13144 | D:12     | Found a staircase to the Orcish Mines.
 13170 | D:12     | Reached XP level 12. HP: 74/74 MP: 24/24
 13894 | D:13     | Reached skill level 10 in Dodging
 14114 | D:13     | Reached skill level 14 in Stealth
 14338 | D:13     | Lost mutation: You have sharp toenails. [helix card]
 14349 | D:13     | Hired Mogope the merfolk for 282 gold.
 14636 | D:14     | Found a gate to the Vaults.
 14636 | D:14     | Noticed Rupert
 14740 | Lair:1   | Entered Level 1 of the Lair of Beasts
 15012 | Lair:1   | Reached skill level 5 in Ice Magic
 15580 | Lair:2   | Noticed an eight-headed hydra
 15592 | Lair:2   | Slain by an eight-headed hydra

Action                   |  1- 3 |  4- 6 |  7- 9 | 10-12 || total
-------------------------+-------+-------+-------+-------++-------
Melee: Dagger            |   115 |   184 |   226 |   655 ||  1180
       Spear             |       |       |     5 |       ||     5
Throw: Javelin           |       |       |       |     2 ||     2
 Cast: Ensorcelled Hiber |     8 |    13 |    26 |    39 ||    86
       Corona            |     2 |       |       |       ||     2
       Confuse           |     1 |    11 |    47 |    91 ||   150
       Dazzling Spray    |       |     1 |     4 |    77 ||    82
       Tukima's Dance    |       |       |       |     2 ||     2
       Repel Missiles    |       |       |       |     2 ||     2
Evoke: Deck              |       |       |       |    11 ||    11
  Use: Scroll            |       |     8 |    17 |    10 ||    35
       Potion            |       |       |       |     5 ||     5
 Stab: Sleeping          |     9 |    19 |    40 |    84 ||   152
       Confused          |     1 |    10 |    27 |    60 ||    98
       Distracted        |     1 |       |       |     5 ||     6
       Invisible         |       |     1 |     2 |    19 ||    22
  Eat: Corpse            |    11 |    11 |    21 |    34 ||    77
